 Dungeon Crawl Stone Soup version 0.25-a0-647-gd602d06 (webtiles) character file.

Game seed: 1970594503505244932, levelgen mode: deterministic

405 Faca the Skirmisher (level 7, -6/57 HPs)
             Began as a Human Fighter on Mar 22, 2020.
             Mangled by Menkaure (18 damage)
             ... on level 4 of the Dungeon.
             The game lasted 00:07:32 (3325 turns).

Faca the Skirmisher (Human Fighter)                 Turns: 3325, Time: 00:07:33

Health: -6/57      AC: 10    Str: 18    XL:     7   Next: 12%
Magic:  7/7        EV:  7    Int:  9    God:
Gold:   133        SH: 10    Dex: 12    Spells: 6/6 levels left

rFire    . . .     SeeInvis .   a - +1 long sword
rCold    . . .     Gourm    .   c - +1 kite shield
rNeg     . . .     Faith    .   b - +0 scale mail
rPois    .         Spirit   .   m - +1 hat
rElec    .         Reflect  .   e - +0 cloak
rCorr    .         Harm     .   j - +0 pair of gloves
MR       .....                  (no boots)
Stlth    ..........             (no amulet)
HPRegen  0.19/turn              (no ring)
MPRegen  0.10/turn              (no ring)

@: no status effects
A: no striking features
a: no special abilities


You were on level 4 of the Dungeon.
You were not hungry.

You visited 1 branch of the dungeon, and saw 4 of its levels.

You collected 133 gold pieces.

Inventory:

Hand Weapons
 a - a +1 long sword (weapon)
 s - a +2 dagger of venom
Missiles
 k - 37 poisoned darts (quivered)
Armour
 b - a +0 scale mail (worn)
 c - a +1 kite shield (worn)
 e - a +0 cloak (worn)
 j - a +0 pair of gloves (worn)
 m - a +1 hat (worn)
Wands
 t - a wand of polymorph (10)
Scrolls
 h - 3 scrolls of remove curse
 q - a scroll of enchant armour
Potions
 d - a potion of might
 g - 2 potions of curing {unknown}
 l - a potion of flight
 n - a potion of haste
 o - a potion of magic {unknown}
 p - 2 potions of mutation {unknown}
 r - a potion of resistance {unknown}
Comestibles
 f - 10 rations


   Skills:
 + Level 5.7 Fighting
 + Level 5.1 Long Blades
 - Level 3.0 Armour
 - Level 3.0 Shields


You had 6 spell levels left.
You didn't know any spells.
Your spell library was empty.

Dungeon Overview and Level Annotations

Branches:
Dungeon (4/15)
 Temple: D:4-7

Altars:

Annotations:
D:3 1 runed translucent door, Crazy Yiuf
D:4 Menkaure


Message History

Your body is wracked with pain!
* * * LOW HITPOINT WARNING * * *
You slash Menkaure!
Menkaure is heavily damaged.
Menkaure casts a spell at you. Pain shoots through your body!
* * * LOW HITPOINT WARNING * * *
You hit Menkaure.
Menkaure is heavily damaged.
Menkaure barely misses you. You block Menkaure's attack.
You hit Menkaure.
Menkaure is severely damaged.
Menkaure barely misses you.
You hit Menkaure but do no damage.
Menkaure is severely damaged.
You block Menkaure's attack. x2
You completely miss Menkaure.
Menkaure is severely damaged.
Menkaure hits you!!
You die...

...............#
#.......##
####.##...##...#
####.....#
#.###.#######
#.###.# #.# #.#
#.# #.# #.# #.#
#.# #.# #.# #.#
####### #.# #.#
#.# #.# #.....#
#.# #.# #.# #..
#.....########(#
#.# ##.
#....@.........#
... .
#...M.##########
#.....# #......
...#.### .#..#.
#. ## #


You could see Menkaure.

Vanquished Creatures
  Duvessa (D:4)
  Dowan (D:4)
  An orc priest (D:3)
  A hound (D:4)
  2 orc wizards (D:3)
  A gnoll (D:1)
  4 adders (D:2)
  4 worms (D:2)
  A dart slug (D:4)
  A leopard gecko (D:1)
  7 orcs (D:3)
  A ball python (D:3)
  4 giant cockroaches
  4 goblins
  6 hobgoblins
  10 jackals
  3 kobolds
  9 bats
  6 frilled lizards
  11 rats
78 creatures vanquished.

Notes
Turn   | Place    | Note
-------+----------+-------------------------------------------
     0 | D:1      | Faca the Human Fighter began the quest for the Orb.
     0 | D:1      | Reached XP level 1. HP: 18/18 MP: 1/1
    61 | D:1      | Reached XP level 2. HP: 9/24 MP: 2/2
   510 | D:1      | Reached XP level 3. HP: 29/29 MP: 3/3
   920 | D:2      | Reached XP level 4. HP: 37/37 MP: 4/4
  1288 | D:2      | Reached XP level 5. HP: 42/42 MP: 5/5
  1653 | D:3      | Reached XP level 6. HP: 25/50 MP: 6/6
  2130 | D:3      | Found a runed translucent door.
  2131 | D:3      | Noticed Crazy Yiuf
  2197 | D:3      | Reached skill level 5 in Fighting
  2526 | D:4      | Noticed Duvessa
  2526 | D:4      | Noticed Dowan
  2732 | D:4      | Killed Duvessa
  2937 | D:4      | Killed Dowan
  2937 | D:4      | Reached skill level 5 in Long Blades
  2937 | D:4      | Reached XP level 7. HP: 13/56 MP: 7/7
  3313 | D:4      | Noticed Menkaure
  3325 | D:4      | Mangled by Menkaure

Levels and vault maps discovered:
D:1:      dpeg_chamrin_arrival_tetris, layout_basic
D:2:      layout_basic
D:3:      layout_basic, corexii_shack, uniq_crazy_yiuf_cottage
D:4:      layout_loops_ring, uniq_duvessa, uniq_ijyb, uniq_menkaure

Skill      XL: |  1  2  3  4  5  6 |
---------------+-------------------+-----
Long Blades    | 3 4 5 |  5.1
Fighting       | 4 5 |  5.7
Armour         | |  3.0
Shields        | |  3.0

Action                   |  1- 3 |  4- 6 |  7- 9 || total
-------------------------+-------+-------+-------++-------
Melee: Long sword        |    88 |   207 |     9 ||   304
       Dagger            |       |       |     7 ||     7
Throw: Dart              |       |     1 |       ||     1
  Use: Scroll            |     3 |     5 |       ||     8
       Potion            |       |     4 |       ||     4
  Eat: Chunk             |       |     7 |     1 ||     8
Armor: Scale mail        |    67 |   131 |     2 ||   200
       Skin              |       |   127 |       ||   127
Dodge: Dodged            |    24 |    99 |     4 ||   127
Block: Kite shield       |    61 |   150 |     7 ||   218
       Rpst.: Long sword |     7 |    30 |       ||    37

Table legend:
 A = Non-vault XP
 B = Vault XP
 C = Vault XP percentage of total XP
 D = Non-vault monster count
 E = Vault monster count
 F = Vault count percentage of total count
                 A         B        C        D         E       F
            +---------+---------+-------+---------+---------+-------
      Total |     360 |     219 |  37.8 |      75 |       3 |   3.8
            +---------+---------+-------+---------+---------+-------
        D:1 |      39 |       0 |   0.0 |      17 |       0 |   0.0
        D:2 |     107 |       0 |   0.0 |      28 |       0 |   0.0
        D:3 |     164 |       1 |   0.6 |      26 |       1 |   3.7
        D:4 |      50 |     218 |  81.3 |       4 |       2 |  33.3
            +---------+---------+-------+---------+---------+-------
